 Dungeon Crawl Stone Soup version 0.15.2 (webtiles) character file.

7627 Amnesiac the Martial Artist (level 10, -4/79 HPs)
             Began as a Mummy Monk on Mar 27, 2018.
             Slain by an orc warrior
             ... wielding a +0 battleaxe
              (26 damage)
             ... on Level 9 of the Dungeon.
             The game lasted 00:32:04 (17781 turns).

Amnesiac the Martial Artist (Mummy Monk)           Turns: 17781, Time: 00:32:04

HP  -4/79        AC  5     Str 14      XL: 10   Next: 98%
MP  10/10        EV 22     Int  9      God:
Gold 387         SH  0     Dex 17      Spells:  0 memorised,  9 levels left

rFire  . . .     SeeInvis .       - Unarmed
rCold  + . .     Clarity  .     (no armour)
rNeg   + + +     rCorr    .     (no shield)
rPois  +         rRot     +     n - +0 helmet
rElec  .         Spirit   .     g - +2 cloak (curse)
SustAb .         Warding  .     a - +0 pair of gloves (curse)
rMut   .         Stasis   .     (no boots)
Gourm  .                        (no amulet)
MR     +....                    i - cursed ring of protection from fire
                                b - +4 ring of evasion

@: somewhat resistant to hostile enchantments, unstealthy
A: no food or potions, fire vulnerability, restore body, cold resistance 1,
negative energy resistance 3, poison resistance, torment resistance, unbreathing
a: no special abilities


You were on level 9 of the Dungeon.
You were not hungry.

You visited 1 branch of the dungeon, and saw 9 of its levels.

You collected 387 gold pieces.

Inventory:

Armour
 a - a cursed +0 pair of gloves (worn)
 g - a cursed +2 cloak (worn)
 n - a +0 helmet (worn)
Comestibles
 c - 2 beef jerkies (quivered)
 f - 4 meat rations
 j - a slice of pizza
Scrolls
 d - 8 scrolls of identify
 e - 4 scrolls of remove curse
 h - a scroll of magic mapping
 k - 2 scrolls of teleportation
 l - a scroll of blinking
 m - a scroll of immolation
 o - 3 scrolls of fog
Jewellery
 b - a +4 ring of evasion (left hand)
 i - a cursed ring of protection from fire (right hand)


   Skills:
 - Level 7.0 Fighting
 - Level 8.0 Dodging
 - Level 1.5 Stealth
 + Level 11.2 Unarmed Combat


You had 9 spell levels left.
You didn't know any spells.

Dungeon Overview and Level Annotations

Branches:
Dungeon (9/15)             Temple (0/1) D:4
    Orc: D:9-12        Lair: D:8-11

Altars:
Cheibriados
Dithmenos
Kikubaaqudgha
Qazlal
Trog
Vehumet
Xom


Innate Abilities, Weirdness & Mutations

You do not eat or drink.
Your flesh is vulnerable to fire.
Your flesh is cold resistant.
You are immune to negative energy.
Your system is resistant to poisons.
You are immune to unholy pain and torment.
You can survive without breathing.


Message History

The orc warrior hits you with a battleaxe!
Something hits you.
You hit the orc warrior but do no damage.
The orc warrior is severely wounded.
The orc misses you.
You hit the orc warrior but do no damage.
The orc warrior is severely wounded.
Something closely misses you. The orc misses you.
The orc warrior barely misses you.
Read which item? (? for menu, Esc to quit)
Okay, then.
A rat comes into view.
The orc warrior shouts!
Something closely misses you.
The orc warrior throws a tomahawk.
The tomahawk misses you.
The orc priest mumbles some strange prayers to Beogh against you.
Something smites you!
* * * LOW HITPOINT WARNING * * *
The orc warrior hits you with a battleaxe!!
You die...

.. #.....# . #.....#
#.....# #.....# .r
#.....# ####...
#.....# #......
###.....#######.....
..............(..#
............@...#
#######.....o.o.#
#......oo.#
#.........#
#......o..#
#.......###
#.....).#
..........#
....####...


You could see 2 orc warriors, an orc priest and 2 orcs.

Vanquished Creatures
  Pikel (D:5)
  A gargoyle (D:9)
  Psyche (D:8)
  Grinder (D:2)
  A two-headed ogre (D:8)
  A hungry ghost (D:8)
  2 hippogriffs
  Menkaure (D:7)
  A soldier ant (D:5)
  2 black bears
  A slave (D:5)
  2 ice beasts (D:7)
  4 sky beasts
  A phantom (D:5)
  7 ogres
  An orc warrior (D:6)
  9 worker ants
  2 crocodiles (D:8)
  Sigmund (D:3)
  A centaur (D:3)
  A big kobold (D:8)
  6 giant frogs
  Blork the orc (D:6)
  3 scorpions (D:5)
  22 jellies
  10 killer bees
  10 hounds
  Dowan (D:5)
  3 crimson imps
  5 goliath beetles
  6 orc priests
  3 orc wizards
  4 iguanas
  A killer bee zombie (D:3)
  A sky beast zombie (D:9)
  An ogre zombie (D:8)
  The ghost of dscm the Digger, a weakling OpEE (D:4)
  A mummy (D:8)
  3 gnolls (D:3)
  18 adders
  An orc zombie (D:5)
  6 giant mites
  2 worms (D:2)
  4 giant geckos
  An ooze (D:5)
  26 orcs
  9 ball pythons
  6 giant cockroaches
  23 goblins
  14 hobgoblins
  28 jackals
  3 quokkas
  14 bats
  A giant mite zombie (D:7)
  7 giant newts
  A hobgoblin skeleton (D:4)
  15 kobolds
  2 orc skeletons
  18 rats
  A butterfly (D:5)
324 creatures vanquished.

Vanquished Creatures (others)
  A slave (D:5)
  A human (D:2)
  Duvessa (D:5)
  3 jackals (D:5)
6 creatures vanquished.

Grand Total: 330 creatures vanquished

Notes
Turn   | Place    | Note
--------------------------------------------------------------
     0 | D:1      | Amnesiac, the Mummy Monk, began the quest for the Orb.
     0 | D:1      | Reached XP level 1. HP: 18/18 MP: 1/1
   331 | D:1      | Reached XP level 2. HP: 17/24 MP: 2/2
  1027 | D:2      | Reached skill level 4 in Unarmed Combat
  1435 | D:2      | Reached XP level 3. HP: 10/29 MP: 3/3
  2493 | D:2      | Reached XP level 4. HP: 20/35 MP: 4/4
  3137 | D:2      | Found an ancient bone altar of Kikubaaqudgha.
  3139 | D:2      | Noticed a human
  3141 | D:2      | Killed a human
  3178 | D:2      | Found a stormy altar of Qazlal.
  4059 | D:3      | Reached skill level 5 in Unarmed Combat
  4091 | D:3      | Noticed a centaur
  4215 | D:3      | Noticed Grinder
  4485 | D:3      | Paralysed by Grinder for 5 turns
  4546 | D:2      | Paralysed by Grinder for 6 turns
  5063 | D:3      | Reached XP level 5. HP: 30/41 MP: 5/5
  5313 | D:3      | Noticed Sigmund
  5494 | D:3      | Killed a centaur
  5654 | D:3      | Found a snail-covered altar of Cheibriados.
  5874 | D:3      | Reached skill level 6 in Unarmed Combat
  6132 | D:4      | Reached XP level 6. HP: 45/47 MP: 6/6
  6208 | D:3      | Killed Sigmund
  6383 | D:2      | Paralysed by Grinder for 7 turns
  6412 | D:2      | Killed Grinder
  6412 | D:2      | Reached skill level 7 in Unarmed Combat
  6412 | D:2      | Reached XP level 7. HP: 21/52 MP: 7/7
  6642 | D:4      | Found an ancient bone altar of Kikubaaqudgha.
  6648 | D:4      | Noticed dscm's ghost (weakling OpEE)
  6661 | D:4      | Killed dscm's ghost
  6875 | D:4      | Found a staircase to the Ecumenical Temple.
  7358 | D:5      | Entered Level 5 of the Dungeon
  7473 | D:5      | Reached skill level 8 in Unarmed Combat
  7765 | D:5      | Found a radiant altar of Vehumet.
  7878 | D:5      | Noticed Duvessa
  7879 | D:5      | Noticed Dowan
  7941 | D:5      | Killed Duvessa
  7943 | D:5      | Killed Dowan
  8133 | D:5      | Reached XP level 8. HP: 43/60 MP: 8/8
  8247 | D:5      | Noticed Pikel
  9043 | D:5      | Killed Pikel
  9363 | D:5      | Reached XP level 9. HP: 56/65 MP: 9/9
 10019 | D:6      | Reached skill level 9 in Unarmed Combat
 10034 | D:6      | Noticed Blork the orc
 10115 | D:6      | Killed Blork the orc
 10237 | D:6      | Found a shadowy altar of Dithmenos.
 11794 | D:7      | Reached skill level 10 in Unarmed Combat
 11799 | D:7      | Noticed Menkaure
 11842 | D:7      | Killed Menkaure
 11842 | D:7      | Reached skill level 5 in Fighting
 12322 | D:7      | Reached XP level 10. HP: 65/74 MP: 10/10
 14487 | D:8      | Found a bloodstained altar of Trog.
 15703 | D:8      | Noticed Psyche
 16138 | D:8      | Reached skill level 11 in Unarmed Combat
 16691 | D:8      | Killed Psyche
 16771 | D:8      | Noticed a hill giant
 17014 | D:9      | Found a shimmering altar of Xom.
 17781 | D:9      | Slain by an orc warrior

Action                   |  1- 3 |  4- 6 |  7- 9 | 10-12 || total
-------------------------+-------+-------+-------+-------++-------
Melee: Unarmed           |   171 |   197 |   708 |   506 ||  1582
  Use: Scroll            |     4 |     5 |       |     3 ||    12
 Stab: Sleeping          |     3 |     1 |    14 |     1 ||    19
